 Dungeon Crawl Stone Soup version 0.23-a0-667-gc184e93 (console) character file.

121 Duffy the Conjurer (level 4, 11/31 HPs)
             Began as a Demonspawn Fire Elementalist on Jan 8, 2019.
             Quit the game on level 4 of the Dungeon.
             The game lasted 00:01:39 (1608 turns).

Duffy the Conjurer (Demonspawn Fire Elementalist)   Turns: 1608, Time: 00:01:40

Health: 11/31      AC:  4    Str:  8    XL:     4   Next: 76%
Magic:  0/7        EV: 12    Int: 17    God:
Gold:   100        SH:  0    Dex: 14    Spells: 3/7 levels left

rFire    . . .     SeeInvis .   b - +0 flail
rCold    . . .     Gourm    .   (no shield)
rNeg     . . .     Faith    .   a - +0 robe
rPois    .         Spirit   .   (no helmet)
rElec    .         Reflect  .   (no cloak)
rCorr    .         Harm     .   (no gloves)
MR       .....                  (no boots)
Stlth    ++........             (no amulet)
HPRegen  0.10/turn              (no ring)
MPRegen  0.10/turn              (no ring)

@: lethally poisoned (11 -> -4)
A: rugged brown scales 2
a: no special abilities


You were on level 4 of the Dungeon.
You were not hungry.

You visited 1 branch of the dungeon, and saw 4 of its levels.

You collected 100 gold pieces.

Inventory:

Hand Weapons
 b - a +0 flail (weapon)
Armour
 a - a +0 robe (worn)
Scrolls
 d - a scroll of teleportation {unknown}
 e - a scroll of immolation {unknown}
 f - a scroll of amnesia {unknown}
 g - a scroll of enchant armour {unknown}
Comestibles
 c - 2 rations
 h - 5 chunks of flesh


   Skills:
 - Level 1.7 Dodging
 - Level 1.7 Stealth
 - Level 2.0 Spellcasting
 + Level 4.7 Conjurations
 - Level 2.6 Fire Magic


You had 3 spell levels left.
You knew the following spells:

 Your Spells              Type           Power        Failure   Level  Hunger
h - Flame Tongue          Conj/Fire      ##...        4%          1    #......
l - Conjure Flame         Conj/Fire      ##......     13%         3    ###....

Your spell library contained the following spells:

 Spells                   Type           Power        Failure   Level  Hunger
 Throw Flame              Conj/Fire      ##....       6%          2    ###....
 Inner Flame              Hex/Fire       #.......     32%         3    ###....
 Sticky Flame             Conj/Fire      ##......     38%         4    #####..
 Fireball                 Conj/Fire      ##........   75%         5    ######.


Dungeon Overview and Level Annotations

Branches:
Dungeon (4/15)
 Temple: D:4-7

Altars:

Annotations:
D:4 exclusion: sky beast


Innate Abilities, Weirdness & Mutations

You are mostly covered in rugged brown scales. (AC +2, +5% HP)


Message History

Press: ? - help, Shift-Dir - straight line, f/p - worker ant
Aim: a worker ant (severely wounded)
The flame tongue hits the worker ant.
The worker ant appears unharmed.
The worker ant is severely wounded.
You feel sick. The worker ant closely misses you. The worker ant bites you.
Casting: Flame Tongue (safe; 4% risk of failure)
Confirm with . or Enter, or press ? or * to list all spells.
Aiming: Flame Tongue (safe; 4% risk of failure)
Press: ? - help, Shift-Dir - straight line, f/p - worker ant
Aim: a worker ant (severely wounded)
The flame tongue hits the worker ant.
You kill the worker ant!
You feel sick.
Casting: Flame Tongue (safe; 4% risk of failure)
Confirm with . or Enter, or press ? or * to list all spells.
You don't have enough magic to cast that spell.
There is a lethal amount of poison in your body!
You aren't carrying any potions.
Okay, then.
Are you sure you want to abandon this character and quit the game? (Confirm

#####.######.
....#..######
.####.### ......#.#
........###########
######.#.#
...............(..#
#.#.######
##..##..#########.#
#.#....... ....##..#
######.# ########
..#.##..# #......#
#### ....##..#
#.###..# #...
....##..####.###.@#
#.##
...###.............#
#.#. ...#
#..####.###...# #.#.
...# #..## #.# #....
#... ...###...# #.#
##.?## ###.
.......#.# #.# #..#
#. ...###...###.#
#..# #.
#.....#...>..# #..#
##. ##.##...(#####
#..


There were no monsters in sight!

Vanquished Creatures
  A centaur skeleton (D:4)
  2 worker ants (D:4)
  2 adders
  2 dart slugs
  2 leopard geckos (D:4)
  6 orcs (D:3)
  A giant cockroach (D:3)
  2 goblins (D:3)
  2 ball pythons
  A bat (D:1)
  2 kobolds (D:3)
  A leopard gecko skeleton (D:4)
24 creatures vanquished.

Notes
Turn   | Place    | Note
-------+----------+-------------------------------------------
     0 | D:1      | Duffy the Demonspawn Fire Elementalist began the quest for
                  | the Orb.
     0 | D:1      | Reached XP level 1. HP: 13/13 MP: 3/3
   286 | D:2      | Reached skill level 2 in Conjurations
   286 | D:2      | Gained mutation: You are partially covered in rugged brown
                  | scales. (AC +1, +3% HP) [demonic ancestry]
   286 | D:2      | Reached XP level 2. HP: 9/19 MP: 0/5
   660 | D:3      | Reached skill level 3 in Conjurations
   665 | D:3      | Reached XP level 3. HP: 8/24 MP: 0/6
   670 | D:3      | Learned a level 3 spell: Conjure Flame
   966 | D:4      | Noticed a sky beast
  1300 | D:4      | Reached skill level 4 in Conjurations
  1300 | D:4      | Gained mutation: You are mostly covered in rugged brown
                  | scales. (AC +2, +5% HP) [demonic ancestry]
  1300 | D:4      | Reached XP level 4. HP: 20/31 MP: 1/7
  1608 | D:4      | Quit the game

Vault maps used:
D:1:      nzn_arrival_depleted_hourglass
D:2:      minmay_kobold_bridge, minmay_tripent
D:3:      first_ration, hangedman_abyss_or_decor_stabs,
          nicolae_ru_great_annihilating_truth

Skill      XL: |  1  2  3 |
---------------+----------+-----
Conjurations   | 2 3 4 |  4.7
Dodging        | |  1.7
Stealth        | |  1.7
Spellcasting   | |  2.0
Fire Magic     | |  2.6

Action                   |  1- 3 |  4- 6 || total
-------------------------+-------+-------++-------
Melee: Unarmed           |    23 |       ||    23
       Flail             |    12 |       ||    12
 Cast: Flame Tongue      |    39 |    14 ||    53
       Conjure Flame     |     1 |       ||     1
  Eat: Ration            |       |     1 ||     1
       Chunk             |       |     1 ||     1
Armor: Robe              |    18 |     1 ||    19
Dodge: Dodged            |    60 |     3 ||    63

Table legend:
 A = Non-vault XP
 B = Vault XP
 C = Vault XP percentage of total XP
 D = Non-vault monster count
 E = Vault monster count
 F = Vault count percentage of total count
                 A         B        C        D         E       F
            +---------+---------+-------+---------+---------+-------
      Total |     173 |       0 |   0.0 |      24 |       0 |   0.0
            +---------+---------+-------+---------+---------+-------
        D:1 |       5 |       0 |   0.0 |       2 |       0 |   0.0
        D:2 |      13 |       0 |   0.0 |       1 |       0 |   0.0
        D:3 |      32 |       0 |   0.0 |      13 |       0 |   0.0
        D:4 |     123 |       0 |   0.0 |       8 |       0 |   0.0
            +---------+---------+-------+---------+---------+-------
